AoeStats
← FindUrMojo

Arabia

504554683Analyzed
1v1 RM · 25d ago on Sep 5, 2026· 28m 36s· 2 players
Game mode
Random Map
Map size
Tiny (2 player)
Population
200
Speed
Normal
Resources
Standard
Victory
Conquest
Starting age
Dark Age
Ending age
Imperial Age
RankedLock teamsTeams togetherTeam positionsShared explorationLock speedFull tech treeHidden civsTurbo modeCheats
Victory
Defeat
🇨🇭 Magyars · Switzerland
826
+15
🇳🇱 Bulgarians · Netherlands
814
-39
laurensvdhorst
6:13 Loom
9:23 Feudal Age
10:12 Double-Bit Axe
18:50 Castle Age
17:43 Horse Collar
19:31 Padded Archer Armor
20:14 Leather Archer Armor
19:50 Fletching
24:23 Bow Saw
23:44 Elite Skirmisher
25:28 Wheelbarrow
27:15 Bodkin Arrow
28:27 Thumb Ring
FindUrMojo
10:31 Feudal Age
8:49 Loom
11:49 Double-Bit Axe
13:37 Town Watch
14:22 Horse Collar
15:50 Stone Mining
16:09 Fletching
18:30 Castle Age
16:56 Gold Mining
19:41 Wheelbarrow
20:56 Bow Saw
21:53 Heavy Plow
24:35 Bodkin Arrow
25:55 Ballistics
27:31 Hand Cart
28:45 Husbandry
Connection lost

Rejoining the realm…

Still unreachable

The connection could not be restored.

Session expired

The server has moved on; the page needs a fresh start.